 Dungeon Crawl Stone Soup version 0.17.1-1-g73c8601 (webtiles) character file.

2072 MirrMurr the Covert (level 9, -3/39 HPs)
             Began as a Spriggan Enchanter on Dec 21, 2015.
             Was an Initiate of Ashenzari.
             Shot with a sling bullet of frost by Joseph (21 damage)
             ... on level 8 of the Dungeon.
             The game lasted 00:15:55 (7028 turns).

MirrMurr the Covert (Spriggan Enchanter)            Turns: 7028, Time: 00:15:55

Health: -3/39      AC:  4    Str:  4      XL:     9   Next: 5%
Magic:  18/22      EV: 18    Int: 18 (20) God:    Ashenzari [......]
Gold:   243        SH:  0    Dex: 16      Spells: 4 memorised, 16 levels left

rFire  . . .     SeeInvis +     a - +0 dagger (venom)
rCold  . . .     Clarity  .     b - +2 robe
rNeg   . . .     SustAt   .     (shield restricted)
rPois  .         Gourm    .     (helmet restricted)
rElec  .         Spirit   .     (no cloak)
rCorr  .         Warding  .     (gloves unavailable)
rMut   .         Stasis   .     (boots unavailable)
MR     +....                    (no amulet)
Stlth  ++++++++..               n - ring of wizardry
                                s - ring of stealth

@: very quick, somewhat resistant to hostile enchantments, extraordinarily
stealthy
A: unfitting armour, see invisible, herbivore 3, speed 3, slow metabolism 2
a: Renounce Religion


You were on level 8 of the Dungeon.
You worshipped Ashenzari.
Ashenzari was noncommittal.
You were not hungry.

You visited 2 branches of the dungeon, and saw 9 of its levels.
You also visited: Ossuary.

You collected 243 gold pieces.

Inventory:

Hand Weapons
 a - a +0 dagger of venom (weapon)
 u - a +1 dagger
Missiles
 f - 162 stones (quivered)
 k - 28 poisoned needles
 m - 2 tomahawks
Armour
 b - a +2 robe (worn)
Jewellery
 e - an uncursed ring of positive energy
 n - a ring of wizardry (right hand)
 s - a ring of stealth (left hand)
Scrolls
 g - a scroll of magic mapping
 i - 5 scrolls of identify
 l - 2 scrolls of enchant armour
 w - a scroll of fear
 y - a scroll of teleportation
Potions
 h - 2 potions of resistance
 j - a potion of magic
 r - a potion of might
 t - 2 potions of curing
 v - 2 potions of cancellation
Books
 c - a book of Maledictions

   Spells                             Type                      Level
   a - Corona                         Hexes                        1
   b - Ensorcelled Hibernation        Hexes/Ice                    2
   c - Confuse                        Hexes                        3
   d - Tukima's Dance                 Hexes                        3
   e - Dazzling Spray                 Conjuration/Hexes            3
Comestibles
 d - 2 bread rations
 o - 4 fruits


   Skills:
 - Level 1.1 Short Blades
 - Level 3.0 Dodging
 * Level 14.8 Stealth
 + Level 8.5 Spellcasting
 - Level 3.6 Hexes


You had 16 spell levels left.
You knew the following spells:

 Your Spells              Type           Power        Failure   Level  Hunger
a - Ensorcelled Hibernat  Hex/Ice        ##....       4%          2    None
b - Confuse               Hex            ###.....     4%          3    None
c - Corona                Hex            ###....      1%          1    None
d - Dazzling Spray        Conj/Hex       ##......     7%          3    None


Dungeon Overview and Level Annotations

Branches:
Dungeon (9/15)             Temple (1/1) D:4
   Lair: D:8-11         Orc: D:9-12

Altars:
Ashenzari
Cheibriados
Dithmenos
Elyvilon
Gozag
Kikubaaqudgha
Makhleb
Nemelex Xobeh
Okawaru
Qazlal
Ru
Sif Muna
Trog
Vehumet
Xom
Yredelemnul
Zin
The Shining One

Annotations:
D:3 need dig
D:8 Joseph


Innate Abilities, Weirdness & Mutations

You are tiny and cannot use many weapons and most armour.
You have supernaturally acute eyesight.
You are a herbivore.
You cover ground extremely quickly.
You need consume almost no food.


Message History

Aiming: Ensorcelled Hibernation
Press: ? - help, Shift-Dir - straight line, f - Joseph
Aim: Joseph, wielding a hunting sling and wearing a glowing ring mail (chance to defeat MR: 28%) Joseph is unaffected.
The worker ant twitches its antennae in your direction.
Joseph shoots a sling bullet of frost.
The sling bullet of frost completely misses you.
Joseph shoots a sling bullet of frost.
The sling bullet of frost hits you! The sling bullet of frost freezes you.
You hear a shout!
You see here a sling bullet of frost.
Casting: Ensorcelled Hibernation
Confirm with . or Enter, or press ? or * to list all spells.
Aiming: Ensorcelled Hibernation
Press: ? - help, Shift-Dir - straight line, f/p - Joseph
Aim: Joseph, wielding a hunting sling and wearing a glowing ring mail (chance to defeat MR: 28%) Joseph is unaffected.
Joseph shoots a sling bullet of frost.
The sling bullet of frost hits you!!
Ouch! That really hurt!
You die...

## ..# #.# #@a
##.# # ##@#
#.###########.##
##...........(##
#.........#....#
............###.#
#.######.#..# #.#
#.#..# #..#
#....# #...# ##
##....##... .


You could see Joseph and a worker ant.

Vanquished Creatures
  Grinder (D:4)
  Menkaure (D:5)
  The ghost of aves the Cudgeler, an amateur VSFi (D:4)
  2 ice beasts (D:5)
  A black bear (D:9)
  4 ogres
  10 scorpions
  A centaur zombie (Ossuary)
  A centaur skeleton (D:5)
  A jelly (D:5)
  An iguana (D:4)
  3 orc wizards
  Terence (D:3)
  2 big kobold zombies (Ossuary)
  A hound skeleton (D:5)
  5 mummies
  Robin (D:4)
  8 adders
  A shadow imp (D:5)
  An ooze (D:3)
  2 adder skeletons
  5 worms
  12 orcs
  9 giant cockroaches
  11 goblins
  6 hobgoblins
  7 kobolds
  3 quokkas
  2 ball pythons
  16 bats
  7 giant geckos
  A giant gecko zombie (D:5)
  4 giant newts
  A goblin zombie (Ossuary)
  2 hobgoblin zombies (Ossuary)
  6 jackals
  2 orc zombies (Ossuary)
  4 rats
147 creatures vanquished.

Vanquished Creatures (others)
  A fungus (D:5)
1 creature vanquished.

Grand Total: 148 creatures vanquished

Notes
Turn   | Place    | Note
--------------------------------------------------------------
     0 | D:1      | MirrMurr the Spriggan Enchanter began the quest for the Orb.
     0 | D:1      | Reached XP level 1. HP: 9/9 MP: 5/5
    71 | D:1      | Reached skill level 5 in Stealth
   121 | D:1      | Found a sparkling altar of Nemelex Xobeh.
   123 | D:1      | Reached XP level 2. HP: 11/13 MP: 6/6
   682 | D:1      | Learned a level 2 spell: Ensorcelled Hibernation
   734 | D:1      | Reached skill level 6 in Stealth
  1010 | D:2      | Reached XP level 3. HP: 16/16 MP: 8/8
  1015 | D:2      | Learned a level 3 spell: Confuse
  1148 | D:2      | Reached skill level 7 in Stealth
  1415 | D:2      | Reached XP level 4. HP: 21/21 MP: 9/9
  1425 | D:2      | Learned a level 3 spell: Dazzling Spray
  1806 | D:3      | Noticed Terence
  1810 | D:3      | Killed Terence
  2114 | D:3      | Found a stormy altar of Qazlal.
  2116 | D:3      | Found a sacrificial altar of Ru.
  2380 | D:4      | Noticed aves's ghost (amateur VSFi)
  2402 | D:4      | Killed aves's ghost
  2402 | D:4      | Reached skill level 8 in Stealth
  2402 | D:4      | Reached XP level 5. HP: 9/24 MP: 8/12
  2714 | D:4      | Noticed an ogre
  2721 | D:4      | Killed an ogre
  2721 | D:4      | Reached skill level 9 in Stealth
  2721 | D:4      | Reached XP level 6. HP: 28/28 MP: 12/14
  2790 | D:4      | Noticed Grinder
  2815 | D:4      | Killed Grinder
  2815 | D:4      | Reached skill level 10 in Stealth
  2815 | D:4      | Reached skill level 5 in Spellcasting
  3127 | D:4      | Reached XP level 7. HP: 30/32 MP: 16/16
  3134 | D:4      | Noticed Robin
  3140 | D:4      | Killed Robin
  3691 | D:4      | Reached skill level 11 in Stealth
  3729 | D:4      | Found a staircase to the Ecumenical Temple.
  3755 | Temple   | Entered the Ecumenical Temple
  3791 | Temple   | Became a worshipper of Ashenzari the Shackled
  4385 | D:5      | Entered Level 5 of the Dungeon
  4402 | D:5      | Noticed Menkaure
  4409 | D:5      | Killed Menkaure
  4411 | D:5      | Reached skill level 12 in Stealth
  4788 | D:5      | Reached XP level 8. HP: 36/36 MP: 12/19
  4988 | D:5      | Reached skill level 13 in Stealth
  5698 | D:5      | Reached skill level 14 in Stealth
  6186 | D:6      | You fall through a shaft for 3 floors!
  6293 | D:8      | Found a sand-covered staircase.
  6307 | Ossuary  | Entered an ossuary
  6433 | Ossuary  | Reached XP level 9. HP: 32/39 MP: 2/22
  7021 | D:8      | Noticed Joseph
  7028 | D:8      | Shot with a sling bullet of frost by Joseph

Action                   |  1- 3 |  4- 6 |  7- 9 || total
-------------------------+-------+-------+-------++-------
Melee: Dagger            |   137 |    84 |   290 ||   511
Throw: Stone             |       |       |     1 ||     1
 Cast: Ensorcelled Hiber |       |     2 |    49 ||    51
       Confuse           |       |     3 |    11 ||    14
       Dazzling Spray    |       |       |     1 ||     1
  Use: Scroll            |     9 |     3 |     4 ||    16
       Potion            |       |       |    12 ||    12
 Stab: Sleeping          |    19 |    11 |    40 ||    70
       Confused          |       |     3 |     7 ||    10
       Invisible         |       |       |     1 ||     1
       Held in net/web   |       |       |     1 ||     1
       Distracted        |       |       |     4 ||     4
  Eat: Fruit             |       |       |     1 ||     1
       Pizza             |       |       |     1 ||     1
       Bread ration      |       |       |     1 ||     1
